3AAA
HAMILTON COYOTES @ GRYFINDOR BRAVES
07/31/2024
 
TOP OF THE 1ST
Hamilton Coyotes batting - Pitching for Gryfindor Braves : RHP Don Cunningham
Pitching: RHP Don Cunningham
Batting: RHB Jon Erickson 0-0: Called Strike
0-1: Ball
1-1: Ball
2-1: Ball
3-1: Base on Balls
Batting: RHB Carlos Mercado 0-0: Called Strike
0-1: Fly out, F9 (Flyball, 89M)
0-1: Fly out, F9 (Flyball, 89M)
Batting: RHB Ralph May 0-0: Ball
1-0: Ball
2-0: Foul Ball, location: 2F
2-1: Ball
3-1: Foul Ball, location: 2F
3-2: Foul Ball, location: 2F
3-2: Fly out, F8 (Flyball, 8LXD)
Batting: RHB Dan Bernard 0-0: Swinging Strike
0-1: Ball
1-1: Ball
Jon Erickson is caught stealing 2nd base
Top of the 1st over - 0 run(s), 0 hit(s), 0 error(s), 0 left on base; Hamilton 0 - Gryfindor 0
BOTTOM OF THE 1ST
Gryfindor Braves batting - Pitching for Hamilton Coyotes : RHP King Fletcher
Pitching: RHP King Fletcher
Batting: RHB Jim Unknown 0-0: Ball
1-0: Ground out 1-3 (Groundball, 23)
Batting: LHB Micheal Garren 0-0: Called Strike
0-1: Ground out 4-3 (Groundball, 4M)
Batting: RHB Jim Unknown 0-0: Fly out, F6 (Popup, 6)
Bottom of the 1st over - 0 run(s), 0 hit(s), 0 error(s), 0 left on base; Hamilton 0 - Gryfindor 0
TOP OF THE 2ND
Hamilton Coyotes batting - Pitching for Gryfindor Braves : RHP Don Cunningham
Batting: RHB Dan Bernard 0-0: Foul Ball, location: 2F
0-1: Ball
1-1: Foul Ball, location: 2F
1-2: Ball
2-2: Strikes out swinging
Batting: LHB Ralph Dunford 0-0: Ball
1-0: Foul Ball, location: 2F
1-1: Ball
2-1: SINGLE (Groundball, 34D)
Batting: RHB Monty Sharp 0-0: Ball
1-0: SINGLE (Groundball, 6MD)
Ralph Dunford to second
Runner from 2nd tries for 3rd, SAFE, throw made to third
Batting: LHB Tony Ríos 0-0: Ball
1-0: Ball
2-0: Fly out, F7 (Popup, 6D)
Batting: RHB Stan Pierce 0-0: Ground out U3 (Groundball, 3L)
Top of the 2nd over - 0 run(s), 2 hit(s), 0 error(s), 2 left on base; Hamilton 0 - Gryfindor 0
BOTTOM OF THE 2ND
Gryfindor Braves batting - Pitching for Hamilton Coyotes : RHP King Fletcher
Batting: LHB Dave Lee 0-0: Ball
1-0: Foul Ball, location: 2F
1-1: DOUBLE (Line Drive, 9LS)
Batting: LHB Michael Smith 0-0: Ball
1-0: Foul Ball, location: 2F
1-1: Ball
2-1: Swinging Strike
2-2: Strikes out swinging
Batting: SHB Arturo Romero 0-0: Called Strike
0-1: Foul Ball, location: 2F
0-2: SINGLE (Line Drive, 7LS)
Dave Lee to third
Batting: LHB Jack Schmitt 0-0: Ball
1-0: Fly out, F7 (Flyball, 7M)
Batting: RHB Rob Warner 0-0: Fly out, F7 (Line Drive, 7D)
Bottom of the 2nd over - 0 run(s), 2 hit(s), 0 error(s), 2 left on base; Hamilton 0 - Gryfindor 0
TOP OF THE 3RD
Hamilton Coyotes batting - Pitching for Gryfindor Braves : RHP Don Cunningham
Batting: RHB Anthony Trujillo 0-0: Called Strike
0-1: Ground out 6-3 (Groundball, 6M)
Batting: RHB Jon Erickson 0-0: Foul Ball, location: 2F
0-1: Swinging Strike
0-2: Ball
1-2: Ground out 5-3 (Groundball, 56S)
Batting: RHB Carlos Mercado 0-0: Fly out, F9 (Flyball, 89M)
Top of the 3rd over - 0 run(s), 0 hit(s), 0 error(s), 0 left on base; Hamilton 0 - Gryfindor 0
BOTTOM OF THE 3RD
Gryfindor Braves batting - Pitching for Hamilton Coyotes : RHP King Fletcher
Batting: SHB Emílio Gonzáles 0-0: Called Strike
0-1: Called Strike
0-2: Foul Ball, location: 2F
0-2: Ball
1-2: Ground out 4-3 (Groundball, 4)
Batting: RHB Jim Unknown 0-0: Swinging Strike
0-1: Swinging Strike
0-2: Foul Ball, location: 2F
0-2: Foul Ball, location: 2F
0-2: Ball
1-2: Foul Ball, location: 2F
1-2: Foul Ball, location: 2F
1-2: Foul Ball, location: 2F
1-2: Ball
2-2: Ground out 6-3 (Groundball, 6)
Batting: LHB Micheal Garren 0-0: Called Strike
0-1: Foul Ball, location: 2F
0-2: Ball
1-2: Foul Ball, location: 2F
1-2: Strikes out looking
Bottom of the 3rd over - 0 run(s), 0 hit(s), 0 error(s), 0 left on base; Hamilton 0 - Gryfindor 0
TOP OF THE 4TH
Hamilton Coyotes batting - Pitching for Gryfindor Braves : RHP Don Cunningham
Batting: RHB Ralph May 0-0: Ball
1-0: Fly out, F9 (Flyball, 9M)
Batting: RHB Dan Bernard 0-0: Foul Ball, location: 2F
0-1: Ball
1-1: Ball
2-1: Ball
3-1: Ground out 1-3 (Groundball, 13)
Batting: LHB Ralph Dunford 0-0: Ball
1-0: Fly out, F9 (Flyball, 9LM)
Top of the 4th over - 0 run(s), 0 hit(s), 0 error(s), 0 left on base; Hamilton 0 - Gryfindor 0
BOTTOM OF THE 4TH
Gryfindor Braves batting - Pitching for Hamilton Coyotes : RHP King Fletcher
Batting: RHB Jim Unknown 0-0: Called Strike
0-1: Ball
1-1: Ball
2-1: Foul Ball, location: 2F
2-2: Ground out 6-3 (Groundball, 6)
Batting: LHB Dave Lee 0-0: Called Strike
0-1: Ball
1-1: Called Strike
1-2: Foul Ball, location: 2F
1-2: Fly out, F9 (Line Drive, 9M)
Batting: LHB Michael Smith 0-0: Ball
1-0: Foul Ball, location: 2F
1-1: Foul Ball, location: 2F
1-2: Foul Ball, location: 2F
1-2: Fly out, F7 (Flyball, 7S)
Bottom of the 4th over - 0 run(s), 0 hit(s), 0 error(s), 0 left on base; Hamilton 0 - Gryfindor 0
TOP OF THE 5TH
Hamilton Coyotes batting - Pitching for Gryfindor Braves : RHP Don Cunningham
Batting: RHB Monty Sharp 0-0: Foul Ball, location: 2F
0-1: SINGLE (Line Drive, 34)
Batting: LHB Tony Ríos 0-0: Ball
1-0: Bunted foul
1-1: Sac Bunt - play at first, batter OUT! 1-4
Monty Sharp to second
Batting: RHB Stan Pierce 0-0: Called Strike
0-1: Ball
1-1: Ball
2-1: Fly out, F8 (Line Drive, 8LD)
Runner from 2nd tags up, SAFE at 3rd, no throw
Batting: RHB Anthony Trujillo 0-0: Foul Ball, location: 2F
0-1: Ball
1-1: Ball
2-1: Fly out, F3 (Popup, 3F)
Top of the 5th over - 0 run(s), 1 hit(s), 0 error(s), 1 left on base; Hamilton 0 - Gryfindor 0
BOTTOM OF THE 5TH
Gryfindor Braves batting - Pitching for Hamilton Coyotes : RHP King Fletcher
Batting: SHB Arturo Romero 0-0: Ball
1-0: SOLO HOME RUN (Flyball, 9LD), Distance : 345 ft
Batting: LHB Jack Schmitt 0-0: Called Strike
0-1: Ball
1-1: Fly out, F8 (Flyball, 8LD)
Batting: RHB Rob Warner 0-0: Called Strike
0-1: Called Strike
0-2: SINGLE (Groundball, 4MD)
Batting: SHB Emílio Gonzáles 0-0: Ball
1-0: Fly out, F8 (Flyball, 8LS)
Batting: RHB Jim Unknown 0-0: Ball
1-0: Ball
2-0: Called Strike
2-1: Ground out 5-3 (Groundball, 5L)
Bottom of the 5th over - 1 run(s), 2 hit(s), 0 error(s), 1 left on base; Hamilton 0 - Gryfindor 1
TOP OF THE 6TH
Hamilton Coyotes batting - Pitching for Gryfindor Braves : RHP Don Cunningham
Batting: RHB Jon Erickson 0-0: Called Strike
0-1: Foul Ball, location: 2F
0-2: Ball
1-2: Ball
2-2: Ball
3-2: Ground out 4-3 (Groundball, 4M)
Batting: RHB Carlos Mercado 0-0: Called Strike
0-1: SINGLE (Line Drive, 7S)
Batting: RHB Ralph May 0-0: Fly out, F6 (Line Drive, 6S)
Batting: RHB Dan Bernard 0-0: Called Strike
0-1: Ball
1-1: Foul Ball, location: 2F
1-2: Ball
2-2: Fly out, F8 (Flyball, 8LS)
Top of the 6th over - 0 run(s), 1 hit(s), 0 error(s), 1 left on base; Hamilton 0 - Gryfindor 1
BOTTOM OF THE 6TH
Gryfindor Braves batting - Pitching for Hamilton Coyotes : RHP King Fletcher
Batting: LHB Micheal Garren 0-0: Fly out, F5 (Popup, 5L)
Batting: RHB Jim Unknown 0-0: Called Strike
0-1: SINGLE (Groundball, 5D)
Batting: LHB Dave Lee 0-0: Called Strike
0-1: Grounds into double play, 4-6-3 (Groundball, 4)
Bottom of the 6th over - 0 run(s), 1 hit(s), 0 error(s), 0 left on base; Hamilton 0 - Gryfindor 1
TOP OF THE 7TH
Hamilton Coyotes batting - Pitching for Gryfindor Braves : RHP Don Cunningham
Batting: LHB Ralph Dunford 0-0: Called Strike
0-1: Ball
1-1: Ball
2-1: Fly out, F7 (Flyball, 7S)
Batting: RHB Monty Sharp 0-0: Called Strike
0-1: Swinging Strike
0-2: Ball
1-2: Strikes out looking
Batting: LHB Tony Ríos 0-0: Ball
1-0: Swinging Strike
1-1: DOUBLE (Flyball, 89XD)
Pinch Hitting: RHB Héctor Rojas 0-0: Called Strike
0-1: Foul Ball, location: 2F
0-2: Foul Ball, location: 2F
0-2: Ball
1-2: Strikes out looking
Top of the 7th over - 0 run(s), 1 hit(s), 0 error(s), 1 left on base; Hamilton 0 - Gryfindor 1
BOTTOM OF THE 7TH
Gryfindor Braves batting - Pitching for Hamilton Coyotes : RHP King Fletcher
Now at SS: Héctor Rojas
Batting: LHB Michael Smith 0-0: Ball
1-0: Foul Ball, location: 2F
1-1: Foul Ball, location: 2F
1-2: Strikes out swinging
Batting: SHB Arturo Romero 0-0: Foul Ball, location: 2F
0-1: Ball
1-1: Fly out, F6 (Line Drive, 6M)
Batting: LHB Jack Schmitt 0-0: Called Strike
0-1: SINGLE (Line Drive, 9LS)
Batting: RHB Rob Warner 0-0: Called Strike
0-1: Called Strike
0-2: Foul Ball, location: 2F
0-2: Ball
1-2: Foul Ball, location: 2F
1-2: Ground out 6-3 (Groundball, 6)
Bottom of the 7th over - 0 run(s), 1 hit(s), 0 error(s), 1 left on base; Hamilton 0 - Gryfindor 1
TOP OF THE 8TH
Hamilton Coyotes batting - Pitching for Gryfindor Braves : RHP Don Cunningham
Batting: RHB Anthony Trujillo 0-0: Ball
1-0: Ball
2-0: Ball
3-0: Called Strike
3-1: Foul Ball, location: 2F
3-2: SINGLE (Groundball, 56D)
Pitching: RHP Jim Unknown
Batting: RHB Jon Erickson 0-0: Ball
1-0: Swinging Strike
1-1: Foul Ball, location: 2F
1-2: SINGLE (Line Drive, 78S)
Anthony Trujillo to second
Batting: RHB Carlos Mercado 0-0: Ball
1-0: Called Strike
1-1: Ball
2-1: Ball
3-1: Bunted foul
3-2: Fly out, F9 (Flyball, 9LS)
Batting: RHB Ralph May 0-0: Called Strike
0-1: Swinging Strike
0-2: Foul Ball, location: 2F
0-2: Ball
1-2: Strikes out swinging
Batting: RHB Dan Bernard 0-0: Called Strike
0-1: Ball
1-1: Swinging Strike
1-2: Strikes out looking
Top of the 8th over - 0 run(s), 2 hit(s), 0 error(s), 2 left on base; Hamilton 0 - Gryfindor 1
BOTTOM OF THE 8TH
Gryfindor Braves batting - Pitching for Hamilton Coyotes : RHP King Fletcher
Batting: SHB Emílio Gonzáles 0-0: Ball
1-0: Ball
2-0: Ball
3-0: Base on Balls
Batting: RHB Jim Unknown 0-0: Ball
1-0: Bunt missed!
1-1: Bunted foul
1-2: Ball
2-2: Ball
3-2: Base on Balls
Emílio Gonzáles to second
Batting: LHB Micheal Garren 0-0: Called Strike
0-1: Foul Ball, location: 2F
0-2: Fielders Choice at 2nd, 3-6 (Groundball, 3)
Emílio Gonzáles to third
Batting: RHB Jim Unknown 0-0: Ball
1-0: Ball
2-0: Ground out 6-3 (Groundball, 6S)
Emílio Gonzáles scores
Micheal Garren to second
Batting: LHB Dave Lee 0-0: Ball
1-0: Ball
2-0: Swinging Strike
2-1: Foul Ball, location: 2F
2-2: Ground out U3 (Groundball, 3)
Bottom of the 8th over - 1 run(s), 0 hit(s), 0 error(s), 1 left on base; Hamilton 0 - Gryfindor 2
TOP OF THE 9TH
Hamilton Coyotes batting - Pitching for Gryfindor Braves : RHP Jim Unknown
Batting: LHB Ralph Dunford 0-0: Ball
1-0: SINGLE (Flyball, 9S)
Batting: RHB Monty Sharp 0-0: Called Strike
0-1: Ball
1-1: Ball
2-1: Ball
3-1: Base on Balls
Ralph Dunford to second
Pinch Runner at 2nd Francisco Morales:
Batting: LHB Tony Ríos 0-0: Bunted foul
0-1: Sac Bunt - play at first, batter OUT! 1-4
Francisco Morales to third
Monty Sharp to second
Batting: RHB Héctor Rojas 0-0: Called Strike
0-1: Fly out, F9 (Flyball, 9M)
Runner from 3rd tags up, SCORES, no throw
Batting: RHB Anthony Trujillo 0-0: Ball
1-0: Fly out, F9 (Line Drive, 9M)
Top of the 9th over - 1 run(s), 1 hit(s), 0 error(s), 1 left on base; Hamilton 1 - Gryfindor 2
This league is powered by Out of the Park Baseball, the baseball management simulation game for PC, Mac and Linux
Monday, October 3rd, 2016 - OOTP Baseball 16.9 Build 39